 Dungeon Crawl Stone Soup version 0.15.2 (webtiles) character file.

730 mumoofchristmaspast the Insei (level 7, -4/52 HPs)
             Began as a Mummy Monk on Dec 24, 2014.
             Slain by striepan's ghost (15 damage)
             ... on Level 3 of the Dungeon.
             The game lasted 00:28:20 (9887 turns).

mumoofchristmaspast the Insei (Mummy Monk)          Turns: 9887, Time: 00:28:20

HP  -4/52        AC  2     Str 14      XL: 7   Next: 44%
MP   7/7         EV 15     Int  9      God:
Gold 249         SH  0     Dex 16      Spells:  0 memorised,  6 levels left

rFire  x . .     SeeInvis +       - Unarmed
rCold  + . .     Clarity  .     (no armour)
rNeg   + + +     rCorr    .     (no shield)
rPois  +         rRot     +     g - +0 helmet
rElec  .         Spirit   .     (no cloak)
SustAb .         Warding  .     q - +0 pair of gloves
rMut   .         Stasis   .     (no boots)
Gourm  .                        (no amulet)
MR     .....                    n - ring of see invisible
                                j - ring of see invisible

@: not resistant to hostile enchantments, unstealthy
A: no food or potions, fire vulnerability, restore body, cold resistance 1,
negative energy resistance 3, poison resistance, torment resistance, unbreathing
a: no special abilities


You were on level 3 of the Dungeon.
You were not hungry.

You visited 1 branch of the dungeon, and saw 5 of its levels.

You collected 249 gold pieces.


Innate Abilities, Weirdness & Mutations

You do not eat or drink.
Your flesh is vulnerable to fire.
Your flesh is cold resistant.
You are immune to negative energy.
Your system is resistant to poisons.
You are immune to unholy pain and torment.
You can survive without breathing.


   Skills:
 - Level 3.0 Fighting
 + Level 5.3 Dodging
 - Level 1.5 Stealth
 - Level 6.0 Unarmed Combat


You had 6 spell levels left.
You didn't know any spells.

Inventory:

Armour
 g - a +0 helmet (worn)
 q - a +0 pair of gloves (worn)
Magical devices
 a - a wand of hasting (2) (quivered) {merry christmas faggot}
Comestibles
 f - 3 bread rations
 h - a meat ration
 i - 2 beef jerkies
Scrolls
 b - 2 scrolls of noise {!r}
 c - a scroll of enchant weapon
 d - a scroll of fog
 e - a scroll of blinking
 k - a scroll of recharging {unknown}
 l - 2 scrolls of random uselessness
 m - 2 scrolls of teleportation
 o - a scroll of magic mapping {unknown}
 p - a scroll of remove curse {unknown}
 r - a scroll of amnesia {unknown}
Jewellery
 j - a ring of see invisible (left hand)
 n - a ring of see invisible (right hand)

Dungeon Overview and Level Annotations

Branches:
Dungeon (5/15)
 Temple: D:4-7

Altars:
Dithmenos
Elyvilon
Kikubaaqudgha
Nemelex Xobeh
Xom

Annotations:
D:2 Sigmund
D:3 striepan's ghost, weakling MiFi
D:4 exclusions: downstairs and 4 more exclusions, Prince Ribbit

#...........# #......
#.#########.# #.#.###
#.#########.#########.#.# #
#.##......!.........#.#.# #
#>##.######.#######.#.#.###
#.......# #.# #.#.#.##.
#.......# #.# #.#.#.##.
#.......###W# ###.#.#.##.
#.........@.# #.......##.
#....S..##### #.#.###.##.
#.......# #...# #....
#.......# #.#.###.##.
####.############.#........
#................######.
#..###########.### #. #..#
#.# #. #..# #.# #(


You could see striepan's ghost and an adder.


Message History

Striepan's ghost is heavily damaged.
Striepan's ghost completely misses you.
You hit striepan's ghost but do no damage.
Striepan's ghost is heavily damaged.
Striepan's ghost misses you.
You hit striepan's ghost.
Striepan's ghost is severely damaged.
Striepan's ghost barely misses you.
You punch striepan's ghost!
Striepan's ghost is almost destroyed.
Striepan's ghost hits you!
* * * LOW HITPOINT WARNING * * *
You hit striepan's ghost.
Striepan's ghost is almost destroyed.
Striepan's ghost misses you.
You barely miss striepan's ghost.
Striepan's ghost is almost destroyed.
Striepan's ghost completely misses you. Striepan's ghost closely misses you.
You hit striepan's ghost but do no damage.
Striepan's ghost is almost destroyed.
Striepan's ghost shrieks, "There is no future for me!"
Striepan's ghost hits you!
* * * LOW HITPOINT WARNING * * *
Striepan's ghost whispers, "You will understand me better in a moment."
Striepan's ghost says, "They lied to you.
The Dungeon just goes down and down forever."
Striepan's ghost holds its blade at the ready.
An adder comes into view.
Striepan's ghost hits you!
You die...

Action                   |  1- 3 |  4- 6 |  7- 9 || total
-------------------------+-------+-------+-------++-------
Melee: Unarmed           |   194 |   332 |   104 ||   630
  Use: Scroll            |       |     5 |     1 ||     6
 Stab: Sleeping          |     3 |     7 |       ||    10

Vault maps used:
D:1:      dpeg_arrival_brainrot
D:2:      serial_park_tiny_1, nemelex_deck, uniq_jessica, uniq_sigmund
D:3:      lemuel_coloured_pillars_altar, kennysheep_generic_room_10
D:4:      overflow_temple_1_default, kennysheep_little_box, first_bread,
          uniq_prince_ribbit1
D:5:      xom_confusion_cloud, serial_shops, shop, uniq_natasha, uniq_menkaure

Notes
Turn   | Place    | Note
--------------------------------------------------------------
     0 | D:1      | mumoofchristmaspast, the Mummy Monk, began the quest for the Orb.
     0 | D:1      | Reached XP level 1. HP: 18/18 MP: 1/1
   704 | D:1      | Reached XP level 2. HP: 17/24 MP: 2/2
   979 | D:1      | HP: 1/24 [worm (11)]
  1545 | D:1      | Reached skill level 4 in Unarmed Combat
  1891 | D:1      | Reached XP level 3. HP: 24/29 MP: 3/3
  2445 | D:2      | Noticed Sigmund
  2595 | D:2      | Noticed Jessica
  2724 | D:2      | Found a sparkling altar of Nemelex Xobeh.
  2989 | D:2      | Killed Jessica
  2989 | D:2      | Reached XP level 4. HP: 20/35 MP: 4/4
  3692 | D:3      | Reached skill level 5 in Unarmed Combat
  4303 | D:3      | Reached XP level 5. HP: 30/41 MP: 5/5
  4524 | D:3      | Noticed striepan's ghost (weakling MiFi)
  5784 | D:3      | Reached skill level 6 in Unarmed Combat
  5876 | D:3      | Reached XP level 6. HP: 44/47 MP: 6/6
  6053 | D:3      | Found a shadowy altar of Dithmenos.
  6593 | D:4      | Reached skill level 3 in Dodging
  6686 | D:4      | Noticed Prince Ribbit
  6733 | D:4      | Noticed Rgib's ghost (average DgAE)
  7555 | D:4      | Found a white marble altar of Elyvilon.
  7876 | D:3      | Reached skill level 4 in Dodging
  8231 | D:5      | Entered Level 5 of the Dungeon
  8240 | D:4      | Reached XP level 7. HP: 38/52 MP: 7/7
  8435 | D:5      | Found a shimmering altar of Xom.
  8440 | D:5      | yo
  9035 | D:4      | Found an ancient bone altar of Kikubaaqudgha.
  9499 | D:4      | Killed Rgib's ghost
  9499 | D:4      | Reached skill level 5 in Dodging
  9887 | D:3      | Slain by striepan's ghost

Vanquished Creatures
  The ghost of Rgib the Gusty, an average DgAE (D:4)
  A scorpion (D:2)
  5 orc priests
  3 hounds
  An orc wizard (D:3)
  2 worker ants (D:4)
  Jessica (D:2)
  4 gnolls
  5 adders (D:3)
  5 worms
  5 giant geckos
  21 orcs
  A ball python (D:2)
  6 giant cockroaches
  7 goblins
  11 hobgoblins
  6 jackals
  12 bats
  A giant newt (D:1)
  A hobgoblin skeleton (D:4)
  11 kobolds
  3 quokkas
  12 rats
125 creatures vanquished.

Vanquished Creatures (others)
  An ogre (D:5)
  A giant frog (D:5)
  3 worker ants (D:5)
  An adder (D:5)
  2 rat skeletons (D:5)
8 creatures vanquished.

Grand Total: 133 creatures vanquished
